 Dungeon Crawl Stone Soup version 0.23.2-1-ga50397a (webtiles) character file.

Game seed: 4002946606095858127

662 grenoire the Skirmisher (level 7, -1/44 HPs)
             Began as a Gargoyle Berserker on May 5, 2019.
             Was a Believer of Trog.
             Splashed by a jelly's acid (4 damage)
             ... on level 6 of the Dungeon.
             The game lasted 00:16:47 (3914 turns).

grenoire the Skirmisher (Gargoyle Berserker)        Turns: 3914, Time: 00:16:47

Health: -1/44      AC: 11    Str: 25    XL:     7   Next: 56%
Magic:  7/7        EV: 12    Int:  7    God:    Trog [**....]
Gold:   267        SH:  0    Dex:  9    Spells: 6/6 levels left

rFire    . . .     SeeInvis .   f - +2 short sword (distort)
rCold    + . .     Gourm    .   (no shield)
rNeg     + . .     Faith    .   p - +3 ring mail of Magic {*Drain rC+ Str+2}
rPois    ∞         Spirit   .   v - +2 hat
rElec    +         Reflect  .   (no cloak)
rCorr    .         Harm     .   (no gloves)
MR       .....                  (no boots)
Stlth    +.........             (no amulet)
HPRegen  0.14/turn              (no ring)
MPRegen  0.10/turn              (no ring)

@: corroded, berserk cooldown, slowed, very slow
A: negative energy resistance 1, electricity resistance, unbreathing,
petrification resistance, rot immunity, AC +4
a: Berserk, Trog's Hand, Renounce Religion


You were on level 6 of the Dungeon.
You worshipped Trog.
Trog was pleased with you.
You were near starving.

You visited 1 branch of the dungeon, and saw 6 of its levels.

You collected 267 gold pieces.

Inventory:

Hand Weapons
 a - a +0 mace
 f - a +2 short sword of distortion (weapon)
Armour
 b - a +0 animal skin
 d - a +0 ring mail
 j - a +0 robe
 m - a +0 ring mail of cold resistance
 p - the +3 ring mail of Magic (worn) {*Drain rC+ Str+2}
   (You found it on level 4 of the Dungeon)

   It affects your strength (+2).
   It protects you from cold.
   It causes draining when unequipped.
 v - a +2 hat (worn)
Wands
 e - a wand of acid (7)
 n - a wand of flame (11)
 q - a wand of random effects (29)
Scrolls
 h - 2 scrolls of remove curse
 k - 4 scrolls of teleportation
 l - 3 scrolls of identify
 w - a scroll of enchant weapon
 x - a scroll of noise {unknown}
Potions
 g - 4 potions of might
 i - 2 potions of curing
 o - a potion of cancellation {unknown}
 r - a potion of brilliance {unknown}
 s - a potion of berserk rage {unknown}
 t - 2 potions of heal wounds {unknown}
 u - 2 potions of haste {unknown}
Comestibles
 c - 10 rations


   Skills:
 + Level 5.0 Fighting
 + Level 4.2 Short Blades
 + Level 3.7 Maces & Flails
 + Level 4.1 Armour
 + Level 2.8 Dodging
 + Level 1.3 Stealth


You had 6 spell levels left.
You didn't know any spells.
Your spell library was empty.

Dungeon Overview and Level Annotations

Branches:
Dungeon (6/15)
 Temple: D:4-7

Altars:
Cheibriados


Innate Abilities, Weirdness & Mutations

You are resistant to torment.
Your stone body is resilient. (AC +4)
You are immune to poison.
You resist negative energy. (rN+)
You are resistant to electric shocks. (rElec)
You can survive without breathing.
You are immune to petrification.
You are immune to rotting.


Message History

The jelly barely misses you.
You puncture the orc!
You kill the orc!
Trog accepts your kill. The jelly completely misses you.
You puncture the jelly!
Space bends around the jelly.
Your hands burn!
The jelly is severely wounded.
The jelly barely misses you. The jelly hits you but does no damage.
You hit the jelly but do no damage.
Your hands burn!
* * * LOW HITPOINT WARNING * * *
The jelly is severely wounded.
The jelly blinks!
Unknown command.
A jelly is nearby!
The jelly hits you.
* * * LOW HITPOINT WARNING * * *
The acid corrodes you!
You are splashed with acid.
* * * LOW HITPOINT WARNING * * *
You hit the jelly but do no damage.
Your hands burn!
You die...

..............##...##
..............####.####
..............# #<...#
.....##.......###.....#
...............#.....##
...............##......
.......)....##........##
.#......)..>.......#.##
#......@..........###
.......##J...>....##
......# #).........
...... #......... .##...
#..##.[... ..... ....
..... .... ..... ...
..... .# .#.....


You could see a jelly.

Vanquished Creatures
  An ogre (D:4)
  A howler monkey (D:5)
  2 quasits
  A bullfrog skeleton (D:5)
  4 hounds
  2 orc wizards
  2 worker ants (D:4)
  A howler monkey zombie (D:5)
  A worker ant zombie (D:5)
  7 adders
  A gnoll (D:1)
  An ooze (D:5)
  2 adder skeletons
  2 worms (D:3)
  4 dart slugs
  2 leopard geckos
  3 orcs
  6 bats
  4 giant cockroaches
  9 hobgoblins
  2 jackals (D:1)
  5 kobolds (D:1)
  A ball python (D:4)
  4 frilled lizards
  7 goblins
  8 rats
83 creatures vanquished.

Vanquished Creatures (others)
  An orc priest (D:4)
  A worker ant (D:5)
  An orc (D:6)
  2 giant cockroaches
  A leopard gecko skeleton (D:4)
6 creatures vanquished.

Grand Total: 89 creatures vanquished

Notes
Turn   | Place    | Note
-------+----------+-------------------------------------------
     0 | D:1      | grenoire the Gargoyle Berserker began the quest for the
                  | Orb.
     0 | D:1      | Reached XP level 1. HP: 14/14 MP: 1/1
   203 | D:1      | Reached XP level 2. HP: 7/19 MP: 2/2
   444 | D:1      | Reached XP level 3. HP: 15/24 MP: 3/3
   829 | D:2      | Reached ** piety under Trog
   833 | D:2      | Reached skill level 4 in Fighting
   975 | D:2      | Reached XP level 4. HP: 29/29 MP: 4/4
  1517 | D:3      | Reached skill level 1 in Short Blades
  1736 | D:3      | Reached XP level 5. HP: 34/34 MP: 5/5
  2018 | D:4      | Got a slimy ring mail
  2039 | D:4      | Identified the +3 ring mail of Magic {*Drain rC+ Str+2}
                  | (You found it on level 4 of the Dungeon)
  2238 | D:4      | Noticed an ogre
  2245 | D:4      | Killed an ogre
  2246 | D:4      | Reached XP level 6. HP: 39/39 MP: 6/6
  2747 | D:4      | Reached skill level 1 in Stealth
  2980 | D:5      | Entered Level 5 of the Dungeon
  3246 | D:5      | Reached XP level 7. HP: 43/44 MP: 7/7
  3732 | D:5      | Found a snail-covered altar of Cheibriados.
  3776 | D:5      | Reached skill level 5 in Fighting
  3914 | D:6      | Splashed by a jelly's acid

Skill      XL: |  1  2  3  4  5  6  7 |
---------------+----------------------+-----
Fighting       | 4 5 |  5.0
Dodging        | 2 |  2.8
Short Blades   | 1 2 3 4 |  4.2
Armour         | 3 4 |  4.1
Stealth        | 1 |  1.3
Maces & Flails | |  3.7

Action                   |  1- 3 |  4- 6 |  7- 9 || total
-------------------------+-------+-------+-------++-------
Melee: Mace              |    39 |       |       ||    39
       Short sword       |    48 |   106 |    69 ||   223
Invok: Berserk           |     1 |     2 |     1 ||     4
  Use: Scroll            |     8 |       |     2 ||    10
       Potion            |       |     2 |       ||     2
  Eat: Chunk             |     1 |     4 |       ||     5
       Ration            |       |     2 |       ||     2
Armor: Animal skin       |    21 |       |       ||    21
       Ring mail         |    15 |    41 |    61 ||   117
       Robe              |     2 |       |       ||     2
Dodge: Dodged            |    63 |    59 |    61 ||   183
